 Dungeon Crawl Stone Soup version 0.29-a0-341-g24ffce5b50 (webtiles) character file.

Game seed: 17825818251647681772

55 spaghetti the Sneak (level 3, -3/34 HPs)
             Began as a Naga Delver on Apr 20, 2022.
             Slain by a sky beast (6 damage)
             ... on level 6 of the Dungeon.
             The game lasted 00:00:54 (590 turns).

spaghetti the Sneak (Naga Delver)                    Turns: 590, Time: 00:00:55

Health: -3/34      AC:  2    Str: 14    XL:     3   Next: 93%
Magic:  3/3        EV:  9    Int: 12    God:
Gold:   0          SH:  0    Dex: 12    Spells: 2/2 levels left

rFire   . . .      SeeInvis +   a - +1 mace {mace}
rCold   . . .      Faith    .   (no shield)
rNeg    . . .      Spirit   .   b - +0 leather armour
rPois   +          Reflect  .   (no helmet)
rElec   .          Harm     .   (no cloak)
rCorr   .          Rampage  .   (no gloves)
Will    .....                   (no barding)
Stlth   +++.......              (no amulet)
HPRegen 0.11/turn               (no ring)
MPRegen 0.08/turn               (no ring)

@: short of breath, very slow
A: AC +1, large, see invisible, deformed body, poison resistance, slowness 2,
spit poison 1, naga tail 1
a: Spit Poison


You were on level 6 of the Dungeon.
You visited 1 branch of the dungeon, and saw 3 of its levels.


Innate Abilities, Weirdness & Mutations

Your serpentine skin is tough. (AC +1)
You have supernaturally acute eyesight. (SInv)
Armour fits poorly on your strangely shaped body.
Your system is resistant to poisons. (rPois)
You cover ground very slowly.
You can spit poison.
You have a snake-like lower body.


   Skills:
 + Level 3.4 Fighting
 - Level 2.6 Maces & Flails
 - Level 2.1 Dodging
 - Level 7.8 Stealth


You had 2 spell levels left.
You didn't know any spells.
Your spell library was empty.

Inventory:

Hand Weapons
 a - a +1 mace (weapon) {mace}
Armour
 b - a +0 leather armour (worn)
Magical Staves
 e - a staff of fire {!astaff}
   (You found it on level 5 of the Dungeon)
Wands
 g - a wand of digging (3)
Scrolls
 c - a scroll of fog
 d - a scroll of magic mapping {!r}

Dungeon Overview and Level Annotations

Branches:
Dungeon (7/15)
 Temple: D:4-7

Altars:

Annotations:
D:5 Edmund

####################
#...................
#......Y............
######.@............
#...##..####.#########+#
#...##..####.#..........
#............#..........
##'###.......#..........
#...##..##.###..........
#...##..##.#....##'###..
#....+.....#....#....#..
#....#.....'....#....#..


You could see a sky beast (poisoned).


Message History

You open the door.
A scorpion comes into view.
There is an open door here.
A scorpion is nearby!
A scorpion is nearby!
Unknown command.
Aiming: Spit Poison (3% risk of failure)
Press: ? - help, Shift-Dir - straight line, f - scorpion
Aim: a scorpion (asleep, 100% to hit)
The splash of poison hits the scorpion!
As you close the door, it creaks loudly!
You start waiting.
You have got your breath back.
Done waiting.
You open the door.
There is an open door here.
You open the door.
There is an open door here.
Found a stone staircase leading down.
A scorpion is nearby!
A scorpion is nearby!
A scorpion is nearby!
Aiming: Spit Poison (3% risk of failure)
Press: ? - help, Shift-Dir - straight line, f/p - scorpion
Aim: a scorpion (wandering, hasn't noticed you, 53% to hit)
The splash of poison hits the scorpion.
The scorpion is poisoned.
Okay, then.
You feel a bit more experienced.
Your Dodging skill increases to level 2!
You have reached level 2!
You have reached level 3!
Your experience leads to an increase in your attributes!
Increase (S)trength, (I)ntelligence, or (D)exterity?
You feel clever. x2; Your skin feels tougher. 😎 HP[+13] MP[+2]
You now have 34 max hp (+13).
Your hp is fully restored (34).
Your mp is fully restored (3).
Your library has no spells.
You have got your breath back.
You open the door.
There is an open door here.
Key pressed, stopping explore.
There is an open door here.
Key pressed, stopping explore.
f - a scroll labelled OGGEMU AFEUS You open the door.
There is an open door here.
A wight comes into view.
It is wielding a +4 hand axe of freezing.
A wight is nearby!
A wight is nearby!
A wight is nearby!
Unknown command.
(D) Dungeon
Where to? (? - help)
There is an open door here.
There is a stone staircase leading down here.
You climb downwards.
Found a long fluorescent wand.
Found a stone staircase leading down.
There is a stone staircase leading up here.
There are monsters nearby!
Unknown command.
Aiming: Spit Poison (2% risk of failure)
Press: ? - help, Shift-Dir - straight line, f - sky beast
Aim: a sky beast (asleep, 100% to hit)
The splash of poison hits the sky beast.
The sky beast hits you. The sky beast shocks you.
You climb upwards.
There is a stone staircase leading down here. 😮 HP[-10]
You take 10 damage, and now have 24/34 hp.
MASSIVE DAMAGE!! (PAUSE) Unknown command.
You closely miss the sky beast. The sky beast closely misses you.
You hit the sky beast.
You have got your breath back.
The sky beast hits you. The sky beast shocks you.
* * * LOW HITPOINT WARNING * * *
😨 HP[-10]
You take 10 damage, and now have 14/34 hp.
MASSIVE DAMAGE!! (PAUSE) Unknown command.
Aiming: Spit Poison (2% risk of failure)
Press: ? - help, Shift-Dir - straight line, f - sky beast
Aim: a sky beast (lightly wounded, 45% to hit)
The splash of poison hits the sky beast.
The sky beast is poisoned.
The sky beast hits you.
* * * LOW HITPOINT WARNING * * *
The sky beast shocks you.
* * * LOW HITPOINT WARNING * * *
😱 HP[-7]
You take 7 damage, and now have 7/34 hp.
MASSIVE DAMAGE!! (PAUSE)
You aren't carrying any potions.
As you read the scroll labelled OGGEMU AFEUS, it crumbles to dust.
It is a scroll of enchant weapon.
Your +0 mace {mace} glows red for a moment.
The sky beast hits you.
* * * LOW HITPOINT WARNING * * *
The sky beast shocks you.
You die...

Skill      XL: |  1 |
---------------+----+-----
Dodging        | 2 |  2.1
Fighting       | |  3.4
Maces & Flails | |  2.6
Stealth        | |  7.8

Action                   || total
-------------------------++-------
Melee: Mace              ||     4
 Abil: Spit Poison       ||     5
  Use: Scroll            ||     2
       Potion            ||     1
Dodge: Dodged            ||     1

Levels and vault maps discovered:
D:5:      layout_rooms, mainiacjoe_overflow_swirl,
          minmay_temple_entry_overgrown, uniq_edmund
D:6:      nicolae_cairo_tiling_very_big, layout_gridville,
          mainiacjoe_overflow_paths, uniq_eustachio
D:7:      layout_loops_ring

Notes
Turn   | Place    | Note
-------+----------+-------------------------------------------
     0 | D:5      | spaghetti the Naga Delver began the quest for the Orb.
     0 | D:5      | Reached XP level 1. HP: 21/21 MP: 1/1
     0 | D:5      | magus.rc [v1.9.6]
     9 | D:5      | HP: 5/21 [poisoned by an adder]
    14 | D:5      | HP: 2/21 [poisoned by an adder]
    16 | D:5      | Noticed Edmund
   395 | D:6      | Noticed a scorpion
   514 | D:6      | Killed a scorpion
   515 | D:6      | Reached skill level 2 in Dodging
   515 | D:6      | Reached XP level 2. HP: 28/28 MP: 2/2
   515 | D:6      | Reached XP level 3. HP: 34/34 MP: 3/3
   563 | D:6      | Noticed a wight
   583 | D:7      | Noticed a phantom
   583 | D:7      | Noticed a sky beast
   589 | D:6      | HP: 7/34 [sky beast (5)]
   590 | D:6      | HP: 3/34 [sky beast (4)]
   590 | D:6      | Slain by a sky beast

Vanquished Creatures
  A scorpion (D:6)
1 creature vanquished.

Table legend:
 A = Non-vault XP
 B = Vault XP
 C = Vault XP percentage of total XP
 D = Non-vault monster count
 E = Vault monster count
 F = Vault count percentage of total count
                 A         B        C        D         E       F
            +---------+---------+-------+---------+---------+-------
      Total |      79 |       0 |   0.0 |       1 |       0 |   0.0
            +---------+---------+-------+---------+---------+-------
        D:6 |      79 |       0 |   0.0 |       1 |       0 |   0.0
            +---------+---------+-------+---------+---------+-------

Illustrated notes

Table legend:
 A = Kills in this place as a percentage of kills in entire the game.
 B = Kills by you in this place as a percentage of kills by you in the entire game.
 C = Kills by friends in this place as a percentage of kills by friends in the entire game.
 D = Other kills in this place as a percentage of other kills in the entire game.
 E = Experience gained in this place as a percentage of experience gained in the entire game.
 F = Experience gained in this place divided by the number of levels of this place that you have seen.
                   A       B       C       D       E      F
               +-------+-------+-------+-------+-------+----------------------
         Total | 100.0 | 100.0 |   N/A |   N/A | 100.0 |  26.3
       Dungeon | 100.0 | 100.0 |   N/A |   N/A | 100.0 |  26.3
               +-------+-------+-------+-------+-------+----------------------

Table legend: (Time is in decaauts)
 A = Elapsed time spent in this place.
 B = Non-inter-level travel time spent in this place.
 C = Inter-level travel time spent in this place.
 D = Time resting spent in this place.
 E = Time spent auto-exploring this place.
 F = Levels seen in this place.
 G = Mean time per level.
                   A        B        C        D        E       F      G
               +--------+--------+--------+--------+--------+-----+--------+
         Total |    615 |    594 |     21 |    465 |     80 |   3 |  205.0 |
       Dungeon |    615 |    594 |     21 |    465 |     80 |   3 |  205.0 |
               +--------+--------+--------+--------+--------+-----+--------+

Top non-repeatable levels by time:
     D:6: 592 daAuts
     D:5: 20 daAuts
     D:7: 2 daAuts
